 Dungeon Crawl Stone Soup version 0.29.0-4-gdea44cf6ec (webtiles) character file.

Game seed: 16147453631477199839

7319 qw the Cleaver (level 11, 0/86 HPs)
             Began as a Formicid Cinder Acolyte on Sept 4, 2022.
             Was an Initiate of Ignis.
             Succumbed to a water moccasin's poison
             ... on level 1 of the Lair of Beasts.
             The game lasted 00:03:19 (11454 turns).

qw the Cleaver (Formicid Cinder Acolyte)           Turns: 11454, Time: 00:03:19

Health: 0/86       AC: 14    Str: 22    XL:     11   Next: 35%
Magic:  12/12      EV:  7    Int: 15    God:    Ignis [......]
Gold:   464        SH:  5    Dex:  9    Spells: 12/12 levels left

rFire   + . .      SeeInvis +   Y - +0 war axe
rCold   . . .      Faith    .   f - +0 buckler
rNeg    . . .      Spirit   .   g - +0 plate armour
rPois   +          Reflect  .   (helmet unavailable)
rElec   .          Harm     .   (no cloak)
rCorr   .          Rampage  .   (no gloves)
Will    +....                   p - +0 pair of boots
Stlth   ..........              (no amulet)
HPRegen 0.24/turn               j - ring of poison resistance
MPRegen 0.13/turn               k - +4 ring of slaying {mikee}

@: lethally poisoned (0 -> -4)
A: permanent stasis, dig shafts and tunnels, antennae 3, four strong arms
a: Dig, Shaft Self, Renounce Religion, Rising Flame


You were on level 1 of the Lair of Beasts.
You worshipped Ignis.
Ignis was noncommittal.
You visited 2 branches of the dungeon, and saw 9 of its levels.

You collected 486 gold pieces.
You spent 22 gold pieces at shops.


Innate Abilities, Weirdness & Mutations

You cannot be hasted, slowed, berserked, paralysed or teleported.
You can dig through walls and to a lower floor.
You have a pair of large antennae on your head. (SInv)
Your four strong arms can wield two-handed weapons with a shield.


   Skills:
 - Level 8.1 Fighting
 + Level 12.5 Axes
 - Level 3.2 Throwing
 - Level 7.0 Armour
 - Level 2.2 Dodging
 - Level 6.3 Shields
 - Level 1.1 Spellcasting
 - Level 3.0 Fire Magic


You had 12 spell levels left.
You didn't know any spells.
Your spell library contained the following spells:

 Spells                   Type           Power      Damage    Failure   Level
 Scorch                   Fire           18%        2d6       91%         2

Inventory:

Hand Weapons
 b - a +1 hand axe of flaming
 Y - a +0 war axe (weapon)
Missiles
 a - 2 boomerangs
 m - a silver boomerang (quivered)
Armour
 f - a +0 buckler (worn)
 g - a +0 plate armour (worn)
 p - a +0 pair of boots (worn)
Jewellery
 j - a ring of poison resistance (left hand)
 k - a +4 ring of slaying (right hand) {mikee}
 n - a +6 ring of strength
Scrolls
 d - 4 scrolls of identify
Potions
 c - 4 potions of curing
 e - a potion of mutation
 h - a potion of haste
 i - 4 potions of resistance
 l - a potion of cancellation
 r - a potion of might

Dungeon Overview and Level Annotations

Branches:
Dungeon (8/15)             Temple (0/1) D:7            Lair (1/5) D:8

Altars:
Elyvilon
Fedhas
Kikubaaqudgha
Makhleb
Okawaru
Qazlal
Ru
Uskayaw
Yredelemnul
Zin
The Shining One

Shops:
D:1 (*[   D:7 (

Annotations:
D:4 2 transporters


Message History

You closely miss the yak.
The yak is almost dead.
You completely miss the water moccasin. You hit the yak.
You feel sick. The water moccasin bites you.
You are more poisoned.
The water moccasin poisons you! The yak gores you.
The water moccasin bites you but does no damage.
The yak gores you but does no damage.
You slice the yak!!
You kill the yak!
You hit the water moccasin. You slash the yak!
You feel very sick. The water moccasin bites you. You block the yak's attack.
You slash the yak!
The yak is almost dead.
You hit the yak. You hit the water moccasin.
You feel very sick.
The water moccasin bites you but does no damage.
You slash the yak!
You kill the yak!
You completely miss the yak. You barely miss the water moccasin.
You feel very sick. You block the yak's attack.
The water moccasin bites you but does no damage.
You slash the water moccasin!
You kill the water moccasin!
You hit the yak.
You feel sick. The yak closely misses you.
You hit the yak.
The yak is heavily wounded.
You feel sick. The yak gores you but does no damage.
You barely miss the yak.
The yak is moderately wounded.
You feel sick. You block the yak's attack.
You slash the yak!
The yak is severely wounded.
You feel sick. The yak gores you.
You barely miss the yak.
The yak is severely wounded.
You die...

#>.......## ##...#....P#
. #.....#...## ..
#P.......## ..Y
##.......# ....
###..#.##.# #...
##......#..#####
#....####....P.###.##P#.
#....%Y@................
#.........#.######.###..
#....#......# #.# ##.
#(#.....#...######.###..
#............##.#....####
#...#.#..)............#
.....###..#.#.#.......#
P...# #....##........P##
#....##..........#


You could see a yak.

Vanquished Creatures
  Joseph (D:7)
  A cane toad (Lair:1)
  2 komodo dragons (Lair:1)
  An unseen horror (D:7)
  Prince Ribbit (D:5)
  2 wyverns
  12 yaks
  Duvessa (D:5)
  2 wargs (D:8)
  5 water moccasins
  An orc warrior (D:8)
  2 sky beasts
  3 black bears
  An ice beast (D:4)
  2 centaurs
  A phantom (D:7)
  A kobold brigand (D:6)
  Blork the orc (D:5)
  3 bullfrogs
  2 necrophages
  4 scorpions
  Dowan (D:5)
  10 howler monkeys
  A hound (D:6)
  3 gnoll boudas
  3 jellies
  9 orc priests
  2 iguanas
  2 orc wizards
  7 adders
  15 gnolls
  A shadow imp (D:7)
  A white imp (D:6)
  A worm (D:4)
  23 orcs
  2 endoplasms (D:1)
  3 giant cockroaches
  4 goblins
  2 hobgoblins (D:1)
  3 jackals (D:1)
  3 quokkas
  7 ball pythons
  4 bats
  2 frilled lizards
  7 kobolds
  6 rats
171 creatures vanquished.

Vanquished Creatures (others)
  5 fungi (Lair:1)
  11 plants
16 creatures vanquished.

Grand Total: 187 creatures vanquished

Notes
Turn   | Place    | Note
-------+----------+-------------------------------------------
     0 | D:1      | qw the Formicid Cinder Acolyte began the quest for the Orb.
     0 | D:1      | Reached XP level 1. HP: 18/18 MP: 2/2
     0 | D:1      | 0 ||| qw: Version: 0.1-a-102-g441f92d
     0 | D:1      | 0 ||| qw: Game counter: 5355
     0 | D:1      | 0 ||| qw: Always use a shield: true
     0 | D:1      | 0 ||| qw: God list: Okawaru
     0 | D:1      | 0 ||| qw: Allow faded altars: false
     0 | D:1      | 0 ||| qw: Do Orc after D:15 true
     0 | D:1      | 0 ||| qw: Do second Lair branch before Depths: true
     0 | D:1      | 0 ||| qw: Lair rune preference: random
     0 | D:1      | 0 ||| qw: Plans: Normal
     0 | D:1      | 0 ||| PLANNING D:1-11
    38 | D:1      | 38 ||| Stepping ~*~*~tactically~*~*~ (stealth).
    43 | D:1      | 43 ||| Stepping ~*~*~tactically~*~*~ (stealth).
   172 | D:1      | Found Hamuit's Antique Weapon Emporium.
   210 | D:1      | Reached XP level 2. HP: 19/24 MP: 3/3
   268 | D:1      | 268 ||| SHOPLISTING glowing hand axe (168 gold, have 39).
   268 | D:1      | 268 ||| SHOPLISTING twisted broad axe (252 gold, have 39).
   269 | D:1      | Found Mykhlu's General Store.
   278 | D:1      | 278 ||| SHOPLISTING +4 ring of evasion (396 gold, have 39).
   278 | D:1      | 278 ||| BUYING scroll of identify (22 gold).
   278 | D:1      | Bought a scroll of identify for 22 gold pieces
   278 | D:1      | 278 ||| SHOPLISTING scroll of identify (22 gold, have 17).
   287 | D:1      | 287 ||| Stepping ~*~*~tactically~*~*~ (stealth).
   288 | D:1      | 288 ||| Stepping ~*~*~tactically~*~*~ (stealth).
   466 | D:1      | 466 ||| Stepping ~*~*~tactically~*~*~ (stealth).
   502 | D:1      | Found Zaximiutru's Armour Shoppe.
   512 | D:1      | 512 ||| SHOPLISTING +0 leather armour (24 gold, have 17).
   512 | D:1      | 512 ||| SHOPLISTING +0 pair of boots (54 gold, have 17).
   512 | D:1      | 512 ||| SHOPLISTING +0 plate armour (276 gold, have 17).
   512 | D:1      | 512 ||| SHOPLISTING +0 ring mail (48 gold, have 17).
   512 | D:1      | 512 ||| SHOPLISTING +0 scale mail (48 gold, have 17).
   512 | D:1      | 512 ||| SHOPLISTING +0 storm dragon scales (960 gold, have
                  | 17).
   512 | D:1      | 512 ||| SHOPLISTING +1 chain mail of poison resistance (162
                  | gold, have 17).
   512 | D:1      | 512 ||| SHOPLISTING +10 plate armour of ponderousness (600
                  | gold, have 17).
   618 | D:1      | Found a faded altar of an unknown god.
   675 | D:1      | 675 ||| Stepping ~*~*~tactically~*~*~ (stealth).
   676 | D:1      | 676 ||| Stepping ~*~*~tactically~*~*~ (stealth).
   678 | D:1      | 678 ||| Stepping ~*~*~tactically~*~*~ (stealth).
   851 | D:1      | Reached skill level 4 in Axes
   851 | D:1      | Reached XP level 3. HP: 21/29 MP: 4/4
   993 | D:1      | 993 ||| UPGRADING to +0 buckler.
   998 | D:1      | 998 ||| DROPPING amulet of magic regeneration.
   999 | D:1      | 999 ||| READING scroll labelled HEIROA SA NOHO.
  1000 | D:1      | 1000 ||| DRINKING 3 metallic yellow potions.
  1227 | D:2      | Reached skill level 1 in Shields
  1348 | D:2      | 1348 ||| INVOKING Fiery Armour.
  2004 | D:2      | 2004 ||| UPGRADING to +0 leather armour.
  2014 | D:2      | 2014 ||| DROPPING +0 robe.
  2015 | D:2      | 2015 ||| READING scroll labelled WOSAV SAGITIOGEU.
  2048 | D:3      | Reached XP level 4. HP: 23/35 MP: 5/5
  2048 | D:3      | 2048 ||| STAIRDANCE
  2451 | D:3      | 2451 ||| READING scroll of enchant weapon.
  2451 | D:3      | 2451 ||| ENCHANTING +0 hand axe of flaming.
  2481 | D:3      | Found a basalt altar of Yredelemnul.
  2484 | D:3      | 2484 ||| Stepping ~*~*~tactically~*~*~ (stealth).
  2503 | D:3      | 2503 ||| Stepping ~*~*~tactically~*~*~ (stealth).
  2539 | D:3      | 2539 ||| Stepping ~*~*~tactically~*~*~ (hiding).
  2543 | D:3      | 2543 ||| INVOKING Fiery Armour.
  2554 | D:3      | Reached skill level 5 in Axes
  2554 | D:3      | Reached XP level 5. HP: 15/41 MP: 6/6
  2743 | D:3      | 2743 ||| Stepping ~*~*~tactically~*~*~ (stealth).
  2869 | D:3      | Identified the +11 hand axe "Qaproschu" {drain, rN+ Str-2
                  | Int+6 SInv}
  2871 | D:3      | 2871 ||| SWAPPING to +11 hand axe "Qaproschu" {drain, rN+
                  | Str-2 Int+6 SInv}.
  3523 | D:3      | 3523 ||| READING 2 scrolls labelled VATAIQU FEODGH.
  3650 | D:3      | 3650 ||| READING scroll labelled ICRETU HYOLAWNEA.
  3651 | D:3      | 3651 ||| READING scroll labelled ZYSTAVVORGHE.
  3652 | D:3      | 3652 ||| DROPPING scroll of torment.
  3735 | D:4      | Found a transporter.
  3772 | D:4      | 3772 ||| Stepping ~*~*~tactically~*~*~ (hiding).
  3779 | D:4      | Reached skill level 1 in Dodging
  3779 | D:4      | 3779 ||| Stepping ~*~*~tactically~*~*~ (stealth).
  3801 | D:4      | 3801 ||| Stepping ~*~*~tactically~*~*~ (stealth).
  3898 | D:4      | 3898 ||| Stepping ~*~*~tactically~*~*~ (stealth).
  3952 | D:4      | Noticed a black bear
  3965 | D:4      | 3965 ||| INVOKING Fiery Armour.
  3965 | D:4      | Killed a black bear
  3966 | D:4      | Reached skill level 6 in Axes
  3966 | D:4      | Reached XP level 6. HP: 22/47 MP: 7/7
  4200 | D:4      | 4200 ||| INVOKING Fiery Armour.
  4202 | D:4      | 4202 ||| Stepping ~*~*~tactically~*~*~ (stealth).
  4211 | D:4      | 4211 ||| Stepping ~*~*~tactically~*~*~ (hiding).
  4215 | D:4      | Reached skill level 3 in Shields
  4348 | D:4      | Reached XP level 7. HP: 54/54 MP: 8/8
  4350 | D:4      | Found an iron altar of Okawaru.
  4588 | D:4      | Found an ancient bone altar of Kikubaaqudgha.
  4640 | D:4      | 4640 ||| INVOKING Fiery Armour.
  4642 | D:4      | Reached skill level 7 in Axes
  4953 | D:4      | Found a transporter.
  5016 | D:4      | 5016 ||| Stepping ~*~*~tactically~*~*~ (stealth).
  5173 | D:4      | 5173 ||| UPGRADING to +0 scale mail.
  5183 | D:4      | 5183 ||| DROPPING +0 leather armour.
  5184 | D:4      | 5184 ||| UPGRADING to +0 chain mail.
  5194 | D:4      | 5194 ||| DROPPING +0 scale mail.
  5195 | D:4      | 5195 ||| UPGRADING to ring of poison resistance.
  5196 | D:4      | 5196 ||| READING scroll labelled QEPEUC EKEEM.
  5197 | D:4      | 5197 ||| DRINKING 4 red potions.
  5227 | D:5      | Entered Level 5 of the Dungeon
  5235 | D:5      | Reached skill level 1 in Armour
  5235 | D:5      | Reached XP level 8. HP: 60/60 MP: 9/9
  5396 | D:5      | Noticed Duvessa
  5397 | D:5      | 5397 ||| SWAPPING to +0 war axe.
  5401 | D:5      | Noticed Dowan
  5402 | D:5      | 5402 ||| INVOKING Fiery Armour.
  5413 | D:5      | Killed Dowan
  5414 | D:5      | Killed Duvessa
  5414 | D:5      | Noticed Prince Ribbit
  5415 | D:5      | Reached skill level 8 in Axes
  5419 | D:5      | Reached skill level 3 in Armour
  5429 | D:5      | Killed Prince Ribbit
  5611 | D:5      | 5611 ||| DROPPING +11 hand axe "Qaproschu" {drain, rN+
                  | Str-2 Int+6 SInv}.
  5644 | D:5      | Noticed Blork the orc
  5652 | D:5      | Killed Blork the orc
  5811 | D:5      | 5811 ||| Stepping ~*~*~tactically~*~*~ (stealth).
  6026 | D:5      | 6026 ||| UPGRADING to +0 pair of boots.
  6031 | D:5      | 6031 ||| READING scroll labelled PODOZICUPI.
  6032 | D:5      | 6032 ||| DRINKING 2 clear potions.
  6033 | D:5      | 6033 ||| DRINKING 2 fuming golden potions.
  6064 | D:5      | 6064 ||| READING 2 scrolls of identify.
  6064 | D:5      | 6064 ||| IDENTIFYING murky silvery potion
  6065 | D:5      | 6065 ||| DROPPING potion of magic.
  6066 | D:5      | 6066 ||| DROPPING potion of lignification.
  6197 | D:6      | Found a stormy altar of Qazlal.
  6256 | D:6      | Reached skill level 1 in Throwing
  6256 | D:6      | Reached XP level 9. HP: 60/68 MP: 10/10
  6322 | D:6      | 6322 ||| FLEEEEING.
  6326 | D:6      | 6326 ||| Stepping ~*~*~tactically~*~*~ (hiding).
  6489 | D:6      | Identified the +7 great mace "Feiw" {spect, rF+}
  6509 | D:6      | 6509 ||| Stepping ~*~*~tactically~*~*~ (stealth).
  6510 | D:6      | 6510 ||| Stepping ~*~*~tactically~*~*~ (stealth).
  6513 | D:6      | 6513 ||| Stepping ~*~*~tactically~*~*~ (stealth).
  6515 | D:6      | 6515 ||| INVOKING Fiery Armour.
  6519 | D:6      | 6519 ||| Stepping ~*~*~tactically~*~*~ (stealth).
  6524 | D:6      | Reached skill level 9 in Axes
  6790 | D:6      | 6790 ||| DRINKING 2 black potions.
  6791 | D:6      | 6791 ||| READING 3 scrolls of identify.
  6791 | D:6      | 6791 ||| IDENTIFYING white potion
  6792 | D:6      | 6792 ||| READING 2 scrolls of identify.
  6792 | D:6      | 6792 ||| IDENTIFYING grey potion
  6793 | D:6      | 6793 ||| DROPPING potion of berserk rage.
  6876 | D:7      | 6876 ||| INVOKING Fiery Armour.
  6883 | D:7      | Reached skill level 6 in Fighting
  7378 | D:7      | Found a glowing golden altar of the Shining One.
  7426 | D:7      | 7426 ||| Stepping ~*~*~tactically~*~*~ (hiding).
  7427 | D:7      | 7427 ||| Stepping ~*~*~tactically~*~*~ (hiding).
  7439 | D:7      | Noticed an unseen horror
  7441 | D:7      | Noticed Joseph
  7442 | D:7      | 7442 ||| FLEEEEING.
  7448 | D:7      | 7448 ||| STAIRDANCE
  7531 | D:6      | 7531 ||| UPGRADING to +0 plate armour.
  7541 | D:6      | 7541 ||| DROPPING +0 chain mail.
  7542 | D:6      | 7542 ||| DRINKING 2 fizzy white potions.
  7556 | D:7      | Killed an unseen horror
  7593 | D:7      | 7593 ||| FLEEEEING.
  7594 | D:7      | 7594 ||| FLEEEEING.
  7595 | D:7      | 7595 ||| FLEEEEING.
  7596 | D:7      | 7596 ||| FLEEEEING.
  7597 | D:7      | 7597 ||| FLEEEEING.
  7598 | D:7      | 7598 ||| FLEEEEING.
  7599 | D:7      | 7599 ||| FLEEEEING.
  7600 | D:7      | 7600 ||| FLEEEEING.
  7601 | D:7      | 7601 ||| FLEEEEING.
  7602 | D:7      | 7602 ||| FLEEEEING.
  7603 | D:7      | 7603 ||| FLEEEEING.
  7610 | D:7      | 7610 ||| STAIRDANCE
  7663 | D:6      | 7663 ||| READING scroll labelled FAIZAA SAUL.
  7669 | D:7      | 7669 ||| STAIRDANCE
  7740 | D:7      | 7740 ||| STAIRDANCE
  7745 | D:7      | 7745 ||| STAIRDANCE
  7762 | D:7      | 7762 ||| STAIRDANCE
  7818 | D:7      | 7818 ||| FLEEEEING.
  7819 | D:7      | 7819 ||| FLEEEEING.
  7820 | D:7      | 7820 ||| FLEEEEING.
  7821 | D:7      | 7821 ||| FLEEEEING.
  7822 | D:7      | 7822 ||| FLEEEEING.
  7823 | D:7      | 7823 ||| FLEEEEING.
  7824 | D:7      | 7824 ||| FLEEEEING.
  7825 | D:7      | 7825 ||| FLEEEEING.
  7826 | D:7      | 7826 ||| FLEEEEING.
  7828 | D:7      | 7828 ||| STAIRDANCE
  7877 | D:7      | 7877 ||| STAIRDANCE
  7933 | D:7      | 7933 ||| Stepping ~*~*~tactically~*~*~ (hiding).
  7941 | D:7      | 7941 ||| INVOKING Fiery Armour.
  7951 | D:7      | Killed Joseph
  7952 | D:7      | Reached skill level 10 in Axes
  7952 | D:7      | Reached XP level 10. HP: 24/76 MP: 11/11
  8207 | D:7      | 8207 ||| INVOKING Fiery Armour.
  8213 | D:7      | Found a glowing silver altar of Zin.
  8286 | D:7      | Found a burning altar of Makhleb.
  8287 | D:7      | Noticed a balrug
  8287 | D:7      | Noticed an angel
  8295 | D:7      | Found Heynte Saxey's Weapon Shop.
  8379 | D:7      | Found a staircase to the Ecumenical Temple.
  8420 | D:7      | Found a hide-covered altar of Uskayaw.
  8420 | D:7      | Found a white marble altar of Elyvilon.
  8426 | D:7      | Found a blossoming altar of Fedhas.
  8426 | D:7      | Found a sacrificial altar of Ru.
  8483 | D:7      | 8483 ||| UPGRADING to +6 ring of strength.
  8484 | D:7      | 8484 ||| DRINKING 2 metallic amethyst potions.
  8485 | D:7      | 8485 ||| READING 2 scrolls of identify.
  8485 | D:7      | 8485 ||| IDENTIFYING murky puce potion
  8486 | D:7      | 8486 ||| DROPPING potion of brilliance.
  8517 | D:8      | 8517 ||| STAIRDANCE
  8877 | D:8      | Reached skill level 11 in Axes
  8956 | D:8      | Found a staircase to the Lair.
  8985 | D:8      | 8985 ||| Stepping ~*~*~tactically~*~*~ (hiding).
  8986 | D:8      | 8986 ||| Stepping ~*~*~tactically~*~*~ (hiding).
  8987 | D:8      | 8987 ||| Stepping ~*~*~tactically~*~*~ (hiding).
  9073 | D:8      | 9073 ||| Stepping ~*~*~tactically~*~*~ (stealth).
  9075 | D:8      | 9075 ||| Stepping ~*~*~tactically~*~*~ (stealth).
  9086 | D:8      | 9086 ||| INVOKING Fiery Armour.
  9087 | D:8      | Reached skill level 6 in Armour
  9091 | D:8      | HP: 18/79 [yak (3)]
  9092 | D:8      | 9092 ||| DRINKING potion of heal wounds.
  9327 | D:8      | 9327 ||| INVOKING Fiery Armour.
  9353 | D:8      | Reached skill level 6 in Shields
 10287 | D:8      | 10287 ||| PLANNING LAIR
 10287 | D:8      | 10287 ||| UPGRADING to +4 ring of slaying {mikee}.
 10289 | D:8      | 10289 ||| READING scroll labelled YNGOL POHO.
 10304 | Lair:1   | Entered Level 1 of the Lair of Beasts
 10405 | Lair:1   | Noticed a komodo dragon
 10412 | Lair:1   | 10412 ||| INVOKING Fiery Armour.
 10415 | Lair:1   | Killed a komodo dragon
 10416 | Lair:1   | Reached XP level 11. HP: 28/86 MP: 12/12
 10744 | Lair:1   | 10744 ||| PLANNING CONVERSION TO OKAWARU
 10817 | Lair:1   | Reached skill level 12 in Axes
 10885 | D:4      | 10885 ||| PLANNING D:1-11
 10918 | D:3      | 10918 ||| Stepping randomly (stuck).
 10919 | D:3      | 10919 ||| PLANNING LAIR
 11424 | Lair:1   | 11424 ||| Stepping ~*~*~tactically~*~*~ (stealth).
 11429 | Lair:1   | Reached skill level 3 in Throwing
 11431 | Lair:1   | 11431 ||| Stepping ~*~*~tactically~*~*~ (stealth).
 11447 | Lair:1   | HP: 19/86 [water moccasin (6)]
 11452 | Lair:1   | HP: 8/86 [poisoned by a water moccasin]
 11453 | Lair:1   | HP: 1/86 [yak (6)]
 11454 | Lair:1   | Succumbed to a water moccasin's poison

Levels and vault maps discovered:
D:1:      minmay_arrival_shattered_statue, layout_basic,
          shapermc_ecumenical_altar_mp_highgroup, serial_shops,
          nicolae_shop_overgrown_old_shop, nicolae_shop_advertising_works
          [nicolae_subvault_shop_adworks], nicolae_shop_statue_plus
D:2:      layout_loops_ring
D:3:      layout_basic, nicolae_overflow_crystal_walls
D:4:      gammafunk_cloud_chamber, layout_basic, mainiacjoe_overflow_brackets,
          mainiacjoe_overflow_surrounded_room, minmay_misc_feat_x
D:5:      layout_rooms, uniq_blork_the_orc, uniq_prince_ribbit1, uniq_duvessa
D:6:      layout_rooms, mainiacjoe_overflow_concentric_impassable
D:7:      layout_basic, tso_oasis_becter, mainiacjoe_overflow_alcove_3,
          grunt_temple_overflow_order_and_chaos_2, temple_fountains,
          serial_shops, shop, corner_web_ring, kennysheep_big_empty_room,
          uniq_joseph
D:8:      layout_loops_corners, erik_lair_orcish_takeover, nrook_campfire
Lair:1:   layout_misc_corridors

Skill      XL: |  1  2  3  4  5  6  7  8  9 10 11 |
---------------+----------------------------------+-----
Axes           | 4 5 6 7 8 10 11 12 | 12.5
Shields        | 2 3 4 6 |  6.3
Dodging        | 1 2 |  2.2
Fighting       | 4 5 6 8 |  8.1
Armour         | 1 3 5 6 7 |  7.0
Throwing       | 1 2 3 |  3.2
Spellcasting   | |  1.1
Fire Magic     | |  3.0

Action                   |  1- 3 |  4- 6 |  7- 9 | 10-12 || total
-------------------------+-------+-------+-------+-------++-------
Melee: Hand axe          |    90 |    76 |    37 |       ||   203
       Punch             |     1 |       |       |       ||     1
       War axe           |       |       |   184 |   214 ||   398
Throw: Boomerang         |       |       |    13 |    38 ||    51
Invok: Fiery Armour      |     1 |     3 |     5 |     4 ||    13
  Use: Scroll            |     2 |     4 |     6 |     2 ||    14
       Potion            |     1 |       |     5 |     2 ||     8
Armor: Robe              |    11 |       |       |       ||    11
       Leather armour    |     2 |    25 |     4 |       ||    31
       Chain mail        |       |       |    75 |       ||    75
       Plate armour      |       |       |    23 |    93 ||   116
Dodge: Dodged            |    53 |    40 |    55 |    56 ||   204
Block: Buckler           |     2 |    15 |    39 |    34 ||    90

Table legend:
 A = Non-vault XP
 B = Vault XP
 C = Vault XP percentage of total XP
 D = Non-vault monster count
 E = Vault monster count
 F = Vault count percentage of total count
                 A         B        C        D         E       F
            +---------+---------+-------+---------+---------+-------
      Total |    9056 |    1400 |  13.4 |     161 |      10 |   5.8
            +---------+---------+-------+---------+---------+-------
        D:1 |      32 |       0 |   0.0 |      21 |       0 |   0.0
        D:2 |      35 |       0 |   0.0 |       7 |       0 |   0.0
        D:3 |     116 |       0 |   0.0 |      13 |       0 |   0.0
        D:4 |     766 |       0 |   0.0 |      28 |       0 |   0.0
        D:5 |     324 |     611 |  65.3 |       9 |       4 |  30.8
        D:6 |     591 |       0 |   0.0 |      21 |       0 |   0.0
        D:7 |    1708 |     434 |  20.3 |      22 |       1 |   4.3
        D:8 |    2534 |     355 |  12.3 |      26 |       5 |  16.1
     Lair:1 |    2950 |       0 |   0.0 |      14 |       0 |   0.0
            +---------+---------+-------+---------+---------+-------
